[Event "*** Titled Tuesday Blitz"]
[Site "Chess.com"]
[Date "2020.04.28"]
[Round "7"]
[White "godsgonnacutudown"]
[Black "RianKapriaga"]
[Result "0-1"]
[WhiteElo "2342"]
[BlackElo "2207"]
[TimeControl "180+1"]
[EndTime "11:18:07 PDT"]
[Termination "RianKapriaga won by resignation"]

1. d4 Nf6 2. c4 e6 3. Nf3 Bb4+ 4.
Bd2 a5 5. g3 b6 6. Bg2 Bb7 7.
O-O O-O 8. Bf4 d5 9. Nbd2 Nbd7 10. Rc1 c6 11. a3 Be7 12. Ne5 Rc8 13. Nxd7 Nxd7 14. e4 dxc4 15. Nxc4 c5 16. Nd6 Bxd6 17.
Bxd6 Re8 18. Bf4 cxd4 19. Qd2 Rxc1 20. Rxc1 Nc5 21. Qe2 e5 22. Bd2 a4 23. Bb4 Ba6 24. Qd1 Nd3 25. Ra1 Nxb2 26. Qc2 Nd3 27. Qxa4 Nxb4 28. axb4 Bc4 29. Qc2 b5 30. Qd2 h6 31.
Rc1 Qe7 32. Ra1 Rc8 33. Bh3 Rd8 34. Ra3 Qg5 35. f4 exf4 36. Qxf4 Qe7 37. Bf5 d3 38. Qd2 Qe5 39. Ra6 Qd4+ 40. Kh1 Be6 41. Rxe6 fxe6 42.
Bxe6+ Kh8 43. Bf5 Qc4 44. e5 Qd5+ 45. Kg1 Qxe5 46. g4 Qe2 47. Qxe2 dxe2 48. Kf2 Rd4 49.
Kxe2 Rxb4 50. Kd3 Rb2 51. h4 Rb4 52. Be4 Rc4 53. g5 hxg5 54. hxg5 Rc5 55. g6 Kg8 56.
Kd4 Rc4+ 57. Kd3 Kf8 58. Bd5 Rc5 59. Kd4 Rxd5+ 60. Kxd5 Ke7 61. Ke5 b4 62. Kd4 Kf6 63. Kc4 Kxg6 64. Kxb4 Kf5 65. Kc4 Ke4 0-1

[Event "*** Titled Tuesday Blitz"]
[Site "Chess.com"]
[Date "2020.04.28"]
[Round "7"]
[White "Training_Day"]
[Black "Zmeeed63"]
[Result "0-1"]
[WhiteElo "2261"]
[BlackElo "2153"]
[TimeControl "180+1"]
[EndTime "11:18:07 PDT"]
[Termination "Zmeeed63 won on time"]

1. e4 Nc6 2. Nf3 d6 3. d4 Bg4 4.
Be3 Nf6 5. Nc3 g6 6. h3 Bxf3 7. Qxf3 Bg7 8. O-O-O O-O 9. d5 Ne5 10. Qg3 c6 11. f4 Nh5 12. Qf2 Nd7 13. g4 Bxc3 14.
gxh5 Bg7 15. hxg6 fxg6 16. dxc6 bxc6 17. Bc4+ Kh8 18. h4 Ne5 19. Bb3 Ng4 20. Qe2 Nxe3 21.
Qxe3 Qb6 22. Qf3 a5 23. h5 a4 24. hxg6 h6 25. Bf7 Qxb2+ 26. Kd2 d5 27. exd5 cxd5 28. Rh3 Rac8 29. Qd3 Qb4+ 30. Ke2 Qxf4 31. Rdh1 Qe4+ 32.
Qxe4 dxe4 33. c4 Rb8 34. Ke3 Rb2 35. R3h2 a3 36. Kxe4 Rfb8 37. c5 R2b4+ 38. Kd5 Rd4+ 39. Kc6 Rc8+ 0-1

[Event "*** Titled Tuesday Blitz"]
[Site "Chess.com"]
[Date "2020.04.28"]
[Round "7"]
[White "Larina_Marija"]
[Black "AndrewDGreen"]
[Result "1-0"]
[WhiteElo "2163"]
[BlackElo "2260"]
[TimeControl "180+1"]
[EndTime "11:18:07 PDT"]
[Termination "Larina_Marija won by resignation"]

1. e4 c5 2. Nc3 g6 3. g3 Bg7 4. Bg2 Nc6 5. d3 d6 6. Be3 e5 7. Qd2 Nd4 8. Nd5 Ne7 9. Nxe7 Qxe7 10. c3 Ne6 11. Ne2 O-O 12. O-O Rb8 13. d4 cxd4 14.
cxd4 Bd7 15. Rfd1 a6 16. dxe5 Bxe5 17. f4 Bg7 18. Qxd6 Qxd6 19. Rxd6 Bc6 20. e5 Bxg2 21. Kxg2 Rfc8 22. Rad1 Rc2 23. R1d2 Rbc8 24. Nc3 Rxd2+ 25. Rxd2 Bf8 26. Nd5 Kg7 27. g4 h5 28. h3 hxg4 29. hxg4 Bc5 30. f5 Bxe3 31. Nxe3 Nc5 32. Rc2 Rc6 33. Kf3 Nd3 34. Ke4 Rxc2 35. Nxc2 Nxb2 36. f6+ Kh6 37. e6 fxe6 38. Ke5 Nc4+ 39. Kxe6 g5 40.
f7 Kg7 41. Ke7 Nd6 42. f8=Q+ 1-0

[Event "*** Titled Tuesday Blitz"]
[Site "Chess.com"]
[Date "2020.04.28"]
[Round "7"]
[White "Pavalamalli"]
[Black "KubaGepard"]
[Result "0-1"]
[WhiteElo "2240"]
[BlackElo "2394"]
[TimeControl "180+1"]
[EndTime "11:18:08 PDT"]
[Termination "KubaGepard won on time"]

1. e4 e5 2. Nf3 Nc6 3. Nc3 Nf6 4. Bb5 Bd6 5. d3 a6 6. Ba4 h6 7. a3 O-O 8. g4 Nxg4 9. Rg1 Nf6 10. Bxh6 Ne8 11.
Qd2 Qf6 12. Rg3 Nd4 13. Nxd4 exd4 14. Nd5 Qh4 15. Bg5 Qxh2 16. Rg4 f5 17. Bb3 fxg4 18. O-O-O Rxf2 19. Qe1 Kf8 20. e5 Bxe5 21. Qe4 d6 22. Be7+ Kf7 23. Nf4+ Kxe7 24. Ng6+ Kd8 25. Nxe5 Qxe5 0-1

[Event "*** Titled Tuesday Blitz"]
[Site "Chess.com"]
[Date "2020.04.28"]
[Round "7"]
[White "Nbk90"]
[Black "adricalderon8"]
[Result "0-1"]
[WhiteElo "2548"]
[BlackElo "2425"]
[TimeControl "180+1"]
[EndTime "11:18:09 PDT"]
[Termination "adricalderon8 won on time"]

1. d4 Nf6 2. Nf3 g6 3. Nc3 d5 4. h3 Bg7 5. Bf4 O-O 6. e3 c5 7.
Be2 Nc6 8. O-O Bf5 9. dxc5 Rc8 10. Nd4 Bd7 11. a3 Re8 12. Nxc6 Bxc6 13. Be5 Qd7 14. Qd4 Red8 15. b4 a6 16. a4 Qe6 17.
b5 Be8 18. Rfd1 Rxc5 19. Bxf6 Bxf6 20. Qxc5 Rc8 21. Qxd5 Rxc3 22. Qxe6 fxe6 23. Rab1 Rxc2 24. Bf3 axb5 25. axb5 b6 26. Rd8 Kf7 27. Rb8 Bh4 28.
Rxb6 Bxf2+ 29. Kh1 Bxe3 30. Rb8 Bf4 31. Ra8 Bxb5 32. Raa1 Bc4 33. Re1 Bd5 34. Bxd5 exd5 35.
Ra7 Bd6 36. h4 d4 37. Ra4 e5 38. Ra6 Ke6 39. Rb1 Rc5 40. Rf1 e4 41. g4 e3 42. g5 Rf5 43. Rd1 Rd5 44. Rf1 d3 45. Rf6+ Ke5 0-1

[Event "*** Titled Tuesday Blitz"]
[Site "Chess.com"]
[Date "2020.04.28"]
[Round "7"]
[White "Chessterra87"]
[Black "Two_Towers_Krakow"]
[Result "0-1"]
[WhiteElo "2317"]
[BlackElo "2473"]
[TimeControl "180+1"]
[EndTime "11:18:09 PDT"]
[Termination "Two_Towers_Krakow won by resignation"]

1. e4 c5 2. c3 d5 3. exd5 Qxd5 4. d4 Nc6 5. Nf3 cxd4 6. cxd4 e5 7. Nc3 Bb4 8. Be2 exd4 9. O-O Qd8 10. Ne4 Nge7 11. Qa4 Bf5 12. Ng3 Bd7 13. Bd3 Qa5 14. Qc2 Bd6 15.
Bd2 Qc7 16. Ne4 Bf4 17. Rac1 O-O 18. Nxd4 Bxh2+ 19. Kh1 Bf4 20. Nxc6 Bxc6 21. Bc3 Ng6 22. Rce1 Rad8 23. Be2 Be5 24. Bf3 Bxc3 25. bxc3 Qf4 26. Qc1 Qxc1 27. Rxc1 Ne5 28. Kg1 Nxf3+ 29. gxf3 f5 30.
Nc5 Rd6 31. Kg2 Rg6+ 32. Kh3 Bxf3 33. Rg1 Bg4+ 34. Kg3 b6 35. Nd7 f4+ 36. Kh2 Bxd7 37. Rxg6 hxg6 38. Rd1 Bf5 0-1

[Event "*** Titled Tuesday Blitz"]
[Site "Chess.com"]
[Date "2020.04.28"]
[Round "7"]
[White "GOGIEFF"]
[Black "rpragchess"]
[Result "1-0"]
[WhiteElo "2997"]
[BlackElo "2828"]
[TimeControl "180+1"]
[EndTime "11:18:10 PDT"]
[Termination "GOGIEFF won by resignation"]

1. d4 Nf6 2. Nf3 d5 3. c4 e6 4. Nc3 a6 5. c5 b6 6. cxb6 cxb6 7. Bf4 Bd6 8. e3 O-O 9. Bd3 Bb7 10. O-O Bxf4 11.
exf4 Nc6 12. Rc1 Qd6 13. Ne5 Rfc8 14. Re1 b5 15. Bb1 Rc7 16. g4 Ne7 17. Qd3 g6 18. Rcd1 Ne4 19. Ne2 f6 20. Nf3 b4 21. Qe3 a5 22. Ng3 f5 23. Ne5 Ba6 24. f3 Nf6 25. h4 Rac8 26. h5 a4 27. hxg6 hxg6 28. Kf2 Nc6 29.
g5 Ne8 30. Nxg6 Nd8 31. Rh1 Rh7 32. Nh5 Rcc7 33. Ne5 Nc6 34. Nf6+ Nxf6 35. gxf6 Nxe5 36. fxe5 Rxh1 37. exd6 1-0

[Event "*** Titled Tuesday Blitz"]
[Site "Chess.com"]
[Date "2020.04.28"]
[Round "7"]
[White "Efremov_Vlad"]
[Black "profofchess"]
[Result "0-1"]
[WhiteElo "2151"]
[BlackElo "2399"]
[TimeControl "180+1"]
[EndTime "11:18:10 PDT"]
[Termination "profofchess won by resignation"]

1. c4 e5 2. g3 Nc6 3. Bg2 Bc5 4. Nc3 a6 5. e3 Ba7 6. Nge2 d6 7. O-O h5 8. h4 g5 9. hxg5 h4 10. gxh4 Rxh4 11.
f4 exf4 12. Rxf4 Rxf4 13. Nxf4 Qxg5 14. d4 Bg4 15. Qf1 Nge7 16. Ne4 Qg7 17. Nh5 Bxh5 18. Nf6+ Kf8 19. Nxh5 Qg5 20. Nf4 Nxd4 21. exd4 Bxd4+ 22. Kh2 Be5 23. Kg1 Bd4+ 24. Kh2 Qh4+ 25. Nh3 Ng6 26. Bg5 Be5+ 27. Kh1 Qg3 28. Qg1 Kg7 29. Bf1 Qf3+ 30. Bg2 Qh5 31. Re1 Rh8 32. Qf1 Qxg5 33. Kg1 Rxh3 0-1

[Event "*** Titled Tuesday Blitz"]
[Site "Chess.com"]
[Date "2020.04.28"]
[Round "7"]
[White "SaqoChess_Twitch"]
[Black "GM_LOADING"]
[Result "0-1"]
[WhiteElo "2472"]
[BlackElo "2612"]
[TimeControl "180+1"]
[EndTime "11:18:11 PDT"]
[Termination "GM_LOADING won by resignation"]

1. d4 Nf6 2. c4 e6 3. Nc3 Bb4 4. a3 Bxc3+ 5. bxc3 O-O 6. e3 d6 7. Bd3 b6 8. Ne2 Nc6 9. e4 Na5 10. O-O Ba6 11. f4 Bxc4 12. Bxc4 Nxc4 13. Qd3 d5 14. e5 Ne4 15. f5 exf5 16. Rxf5 Qd7 17. Rh5 f5 18. Qh3 g6 19. Rh4 Rae8 20. Bh6 Rf7 21.
Nf4 g5 22. e6 Rxe6 23. Nxe6 Qxe6 24. Rh5 Qg6 25. Re1 Ncd6 26. g4 f4 27. Qd3 f3 28.
Rf1 f2+ 29. Kg2 Rf4 30. h3 Nf7 31. Qa6 Nxh6 32. Qc8+ Rf8 33. Qxc7 Nd2 34. Qe7 Nxf1 35. Rxg5 Ne3+ 36. Kg3 Nhf5+ 37. gxf5 Nxf5+ 38. Kg2 f1=Q+ 39. Kxf1 Nxe7+ 0-1

[Event "*** Titled Tuesday Blitz"]
[Site "Chess.com"]
[Date "2020.04.28"]
[Round "7"]
[White "RitvarsReimanis"]
[Black "gvanna"]
[Result "1-0"]
[WhiteElo "2603"]
[BlackElo "2463"]
[TimeControl "180+1"]
[EndTime "11:18:11 PDT"]
[Termination "RitvarsReimanis won by resignation"]

1. d4 d5 2. c4 c6 3. Nf3 Nf6 4. e3 Bf5 5. Nc3 e6 6. Nh4 Be4 7. f3 Bg6 8. Bd2 Nbd7 9. Qb3 Qc7 10. O-O-O O-O-O 11. Nxg6 hxg6 12. h3 Kb8 13. Kb1 Bd6 14. Rc1 Qb6 15. Qa4 Be7 16. cxd5 exd5 17. Ne4 Qc7 18.
Nc3 Qb6 19. Nd1 Qc7 20. Ba5 Nb6 21. Qb3 Rhe8 22. Nc3 Bf8 23. Nb5 Qe7 24. Nxa7 Kxa7 25. Bxb6+ Kb8 26. Qa4 Qd6 27. Qa7+ Kc8 28. Bxd8 Rxd8 29.
Ba6 Qc7 30. Qa8+ Kd7 31. Qxb7 Qxb7 32. Bxb7 Rb8 33. Bxc6+ Kd6 34. Ba4 Be7 35. Rc6+ Kd7 36. Rxf6+ Kd8 37. Rxf7 1-0

[Event "*** Titled Tuesday Blitz"]
[Site "Chess.com"]
[Date "2020.04.28"]
[Round "7"]
[White "Usurpov"]
[Black "JLRHei"]
[Result "1-0"]
[WhiteElo "2471"]
[BlackElo "2298"]
[TimeControl "180+1"]
[EndTime "11:18:11 PDT"]
[Termination "Usurpov won on time"]

1. e4 c5 2. Nf3 e6 3. c3 d5 4.
e5 Nc6 5. d4 Bd7 6. a3 Nge7 7. b4 cxd4 8. cxd4 Nf5 9. Bb2 Be7 10.
h4 Bxh4 11. g4 Nfxd4 12. Bxd4 Be7 13. Nc3 a6 14. Qd3 Rc8 15. Rc1 g6 16. Be2 a5 17.
b5 Nxd4 18. Nxd4 Bxa3 19. Rc2 Bb4 20. Kf1 Qg5 21. Nf3 Qxg4 22. Na4 O-O 23. Rh4 Qf5 24. Rxc8 Rxc8 25. Nb6 Qxd3 26. Bxd3 Rc1+ 27. Kg2 Rc3 28. Nxd7 Rxd3 29. Nf6+ Kf8 30. Rxh7 g5 31. Nxg5 1-0

[Event "*** Titled Tuesday Blitz"]
[Site "Chess.com"]
[Date "2020.04.28"]
[Round "7"]
[White "AndrewMaco"]
[Black "SlavenPastar"]
[Result "1-0"]
[WhiteElo "2627"]
[BlackElo "2371"]
[TimeControl "180+1"]
[EndTime "11:18:11 PDT"]
[Termination "AndrewMaco won by resignation"]

1. e4 b6 2. d4 Bb7 3. Nd2 e6 4. c3 c5 5. Ngf3 d5 6. e5 Ne7 7. Bd3 g6 8. Nf1 h5 9. Bg5 Nbc6 10. Ng3 Qc8 11. a3 a5 12. h4 Ba6 13. O-O Bxd3 14. Qxd3 c4 15. Qd2 Nf5 16. Bf6 Rg8 17. a4 Qd7 18. b3 cxb3 19. Qb2 Be7 20. Bxe7 Qxe7 21. Qxb3 Rb8 22. Nxf5 gxf5 23. Ng5 Kf8 24. Nh7+ Kg7 25.
Nf6 Rh8 26. Rfe1 Rh6 27. Re3 f4 28. Rf3 Rxf6 29. exf6+ Qxf6 30. g3 e5 31. Qxd5 Rd8 32. Qe4 exd4 33. Rxf4 Qg6 34. Qxg6+ fxg6 35. cxd4 Nxd4 36.
Kg2 Nf5 37. Rb1 Rd6 38. Re4 Kf6 39. Re2 Ne7 40. Reb2 Nd5 41. Rd2 Ne3+ 42. Kf3 Rxd2 43. Rxb6+ Kf5 44. Kxe3 Rd5 45. f3 Rc5 46. Rb5 Rxb5 47.
axb5 Ke5 48. g4 a4 49. Kd3 Kd5 50. gxh5 gxh5 51. f4 a3 52. Kc3 Kc5 53. f5 Kxb5 54. f6 a2 55. Kb2 Kc6 56. f7 Kd7 57. f8=Q 1-0

[Event "*** Titled Tuesday Blitz"]
[Site "Chess.com"]
[Date "2020.04.28"]
[Round "7"]
[White "DonBroca"]
[Black "Belka1989"]
[Result "1-0"]
[WhiteElo "2067"]
[BlackElo "2265"]
[TimeControl "180+1"]
[EndTime "11:18:11 PDT"]
[Termination "DonBroca won on time"]

1. e4 e5 2. Nf3 Nc6 3. Bb5 a6 4. Ba4 f5 5. d3 Nf6 6. O-O d6 7. Nc3 Be7 8. Bb3 fxe4 9. Nxe4 Nxe4 10. dxe4 Bg4 11. Qd3 Rf8 12. Nd2 Nd4 13. f3 Be6 14.
Bxe6 Nxe6 15. Qd5 Qc8 16. Nc4 Nd4 17. c3 Nc6 18. Be3 Qd7 19. b4 Bf6 20. a4 Qf7 21. Qxf7+ Rxf7 22. b5 Ne7 23. b6 Kd7 24. bxc7 Kxc7 25.
Rab1 Rd8 26. Bb6+ Kd7 27. Bxd8 Kxd8 28. Nxd6 Rf8 29. Rxb7 Nc6 30. Nf7+ Kc8 31. Nd6+ Kd8 32. Rd1 1-0

[Event "*** Titled Tuesday Blitz"]
[Site "Chess.com"]
[Date "2020.04.28"]
[Round "7"]
[White "relaxx87"]
[Black "MergenKakabaev"]
[Result "1/2-1/2"]
[WhiteElo "2688"]
[BlackElo "2451"]
[TimeControl "180+1"]
[EndTime "11:18:12 PDT"]
[Termination "Game drawn by repetition"]

1. e4 e5 2. Nf3 Nc6 3. Bb5 a6 4. Ba4 Nf6 5. O-O Be7 6. Re1 b5 7. Bb3 d6 8. c3 O-O 9. h3 Na5 10. Bc2 c5 11. d4 Qc7 12. d5 c4 13. b4 cxb3 14. axb3 Bd7 15. Bb2 Nb7 16. b4 a5 17.
Na3 a4 18. Bd3 Qb6 19. Qe2 Nh5 20. Bxb5 Nf4 21. Qe3 Qc7 22. Bxd7 Qxd7 23. c4 f6 24. Rac1 Rfc8 25. Rc2 Qe8 26. Kh2 Qh5 27. Rec1 g5 28.
c5 dxc5 29. bxc5 Nxc5 30. Rxc5 Bxc5 31. Rxc5 Rxc5 32. Qxc5 g4 33. Ng1 gxh3 34. g3 Rb8 35. Nc4 Nd3 36. Qc7 Rf8 37. Qb6 Qd1 38. Qe6+ Kg7 39.
Nxe5 fxe5 40. Bxe5+ Nxe5 41. Qxe5+ Kg8 42. Nxh3 Qg4 43.
Nf4 a3 44. d6 a2 45. Qd5+ Kh8 46. Qxa2 Rxf4 47. Qb2+ Kg8 48. gxf4 Qxf4+ 49. Kg1 Qg4+ 50.
Kf1 Qd1+ 51. Kg2 Qg4+ 52. Kh2 Qh4+ 53. Kg1 Qg4+ 54. Kh1 Qh4+ 55. Kg2 Qg4+ 56. Kf1 Qd1+ 57. Kg2 Qg4+ 1/2-1/2

[Event "*** Titled Tuesday Blitz"]
[Site "Chess.com"]
[Date "2020.04.28"]
[Round "7"]
[White "Omk124"]
[Black "AlanZhang"]
[Result "1-0"]
[WhiteElo "2355"]
[BlackElo "2163"]
[TimeControl "180+1"]
[EndTime "11:18:12 PDT"]
[Termination "Omk124 won by checkmate"]

1. e4 e5 2. Nf3 Nc6 3. Bc4 Bc5 4. c3 Nf6 5. d3 d6 6. O-O Bb6 7. Nbd2 O-O 8. Re1 h6 9. Nf1 Re8 10. Ng3 Be6 11. Bb3 d5 12. exd5 Bxd5 13. Bc2 Qd7 14. b4 a6 15. Bb2 Ng4 16. Rf1 f5 17. h3 Nf6 18. a3 f4 19. Ne4 Nxe4 20. dxe4 Be6 21.
Qxd7 Bxd7 22. c4 Bd4 23. Nxd4 exd4 24. Rad1 Be6 25. Bd3 Rad8 26. Rfe1 Ne5 27. c5 Bb3 28. Rd2 f3 29. g3 g5 30. Bb1 Nc6 31. Rd3 Bc4 32. Rxf3 d3 33. Rd1 d2 34. Re3 Ne5 35.
Bc3 Nf3+ 36. Rxf3 Be2 37. Ba2+ Kh7 38. Rf7+ Kg6 39. Rg7+ Kh5 40. Bf7# 1-0

[Event "*** Titled Tuesday Blitz"]
[Site "Chess.com"]
[Date "2020.04.28"]
[Round "7"]
[White "blitzking1729"]
[Black "woodhy"]
[Result "0-1"]
[WhiteElo "2553"]
[BlackElo "2383"]
[TimeControl "180+1"]
[EndTime "11:18:13 PDT"]
[Termination "woodhy won by resignation"]

1. d4 Nf6 2. c4 e6 3. Nf3 b6 4. g3 Bb7 5. Bg2 Be7 6. O-O O-O 7. Nc3 Ne4 8. Bd2 f5 9. Be1 Bf6 10. Rc1 Na6 11. e3 Qe7 12. Nxe4 Bxe4 13. Qa4 Nb8 14. Bb4 c5 15. Bc3 Nc6 16. Rfd1 Rac8 17. d5 Bxc3 18. Rxc3 exd5 19. cxd5 Bxf3 20. Bxf3 Ne5 21.
Bg2 d6 22. Rcc1 c4 23. Bf1 Rc5 24. Qc2 b5 25. Qc3 Nf3+ 26. Kh1 Rf6 27. Bg2 Ne5 28. h3 Rh6 29. Kg1 g5 30. f4 Nd3 31. Rxd3 cxd3 32.
Qd2 Rxc1+ 33. Qxc1 gxf4 34. gxf4 Rg6 35. Qd2 Qe4 36.
Kh2 Rxg2+ 37. Qxg2+ Qxg2+ 38. Kxg2 d2 0-1

[Event "*** Titled Tuesday Blitz"]
[Site "Chess.com"]
[Date "2020.04.28"]
[Round "7"]
[White "VALPARAISO37"]
[Black "LiamPutnam2008"]
[Result "0-1"]
[WhiteElo "2353"]
[BlackElo "2545"]
[TimeControl "180+1"]
[EndTime "11:18:13 PDT"]
[Termination "LiamPutnam2008 won on time"]

1. d4 Nf6 2. c4 e6 3. Nc3 c5 4. d5 exd5 5. cxd5 d6 6. Nf3 g6 7. Bf4 a6 8. a4 Bg7 9. h3 O-O 10. e3 Qe7 11. Be2 Nbd7 12. O-O b6 13. Nd2 Rb8 14. Nc4 Ne5 15. Bxe5 dxe5 16. d6 Qe6 17. a5 b5 18. Nb6 Rd8 19. f4 Rxd6 20. Qc2 Bb7 21. f5 gxf5 22. Rxf5 Be4 23. Rxf6 Bxc2 24.
Rxe6 Rxe6 25. Bg4 f5 26. Rc1 Bd3 27. Rd1 c4 28. Nd7 Rd8 29. Nc5 Rc6 30. Nxd3 Rxd3 31. Bxf5 Rxd1+ 32. Nxd1 Rd6 33. Bg4 Rd2 34. Kf1 e4 35.
Ke1 Rxg2 36. Bc8 Bxb2 37. Bxa6 c3 38. Nxc3 Bxc3+ 39. Kf1 Rb2 40. Bxb5 Rxb5 41. Kg2 Rxa5 42. Kg3 Bd2 43. Kf4 Bxe3+ 44. Kxe4 Rh5 45. Kxe3 Rxh3+ 46. Kf4 Rh6 47. Kg5 Rg6+ 48. Kh5 Kg7 49. Kh4 Kf6 50. Kh5 Kf5 51. Kh4 Rg5 52. Kh3 Rg4 53. Kh2 Kf4 54. Kh3 Kf3 55. Kh2 Rh4+ 56. Kg1 Rh5 0-1

[Event "*** Titled Tuesday Blitz"]
[Site "Chess.com"]
[Date "2020.04.28"]
[Round "7"]
[White "atwalcb"]
[Black "sergeikim"]
[Result "1/2-1/2"]
[WhiteElo "2275"]
[BlackElo "2416"]
[TimeControl "180+1"]
[EndTime "11:18:13 PDT"]
[Termination "Game drawn by agreement"]

1. d4 Nf6 2. Bg5 g6 3. Bxf6 exf6 4. e3 h5 5. c4 h4 6. Nc3 d6 7. h3 f5 8. Bd3 Bg7 9. Nf3 Nd7 10. O-O Nf6 11. e4 fxe4 12. Nxe4 Nxe4 13. Bxe4 c6 14. Re1 O-O 15. Qd2 Qf6 16. Rad1 Bd7 17. Qg5 Qxg5 18.
Nxg5 Rfe8 19. Nf3 Bf6 20. Bc2 Rxe1+ 21. Rxe1 Kg7 22. b3 a6 23. Re4 Rh8 24. Re2 b5 25. Bd3 Rb8 26. c5 dxc5 27. dxc5 a5 28. Ne5 Be8 29. Nf3 a4 30. Be4 Rd8 31. Bc2 a3 32.
Re4 g5 33. Kf1 Bd7 34. Re1 Be6 35. Be4 Bxb3 36. axb3 a2 37. Bxc6 b4 38. Bb7 a1=Q 39. Rxa1 Bxa1 40. c6 Rd1+ 41. Ke2 Rc1 42. Nxg5 Be5 43.
Ne4 Rc2+ 44. Kd3 Rc1 45. Nd2 Rc3+ 46. Ke4 Bc7 47. Kd4 Bb6+ 48. Kd5 Bxf2 49. Ne4 Rd3+ 50.
Kc4 Rd4+ 51. Kb5 Rxe4 52. c7 Re8 53. c8=Q Rxc8 54. Bxc8 Be1 55. Kc4 1/2-1/2

[Event "*** Titled Tuesday Blitz"]
[Site "Chess.com"]
[Date "2020.04.28"]
[Round "7"]
[White "DFeco"]
[Black "powermove"]
[Result "1-0"]
[WhiteElo "2186"]
[BlackElo "1641"]
[TimeControl "180+1"]
[EndTime "11:18:13 PDT"]
[Termination "DFeco won on time"]

1. c4 e5 2. g3 Nf6 3. Bg2 Nc6 4. Nc3 Bb4 5. Nd5 Be7 6. e4 d6 7. Ne2 O-O 8. O-O Bg4 9. f3 Bd7 10. d4 Nxd4 11. Nxd4 exd4 12. Qxd4 Re8 13. Nxe7+ Qxe7 14. Bg5 Qe5 15. Qxe5 Rxe5 16. Bxf6 gxf6 17. f4 Rc5 18. b3 a5 19. a4 Ra6 20. Rfd1 Rb6 21. Rd3 Rb4 22.
Re1 Kg7 23. Ree3 Kf8 24. e5 fxe5 25. fxe5 Bf5 26. exd6 cxd6 27. Rxd6 Rc7 28. Bd5 Bc2 29. c5 Rd4 30. Bc4 Rd1+ 31. Rxd1 Bxd1 32. Re5 Kg7 33. Kf2 Kf6 34. Rd5 Bg4 35. Ke3 Be6 36. Rh5 Kg6 37. Re5 Kf6 38. Kf4 Bxc4 39. bxc4 1-0

[Event "*** Titled Tuesday Blitz"]
[Site "Chess.com"]
[Date "2020.04.28"]
[Round "7"]
[White "walkingcreep"]
[Black "mortngabriel"]
[Result "1-0"]
[WhiteElo "2645"]
[BlackElo "2472"]
[TimeControl "180+1"]
[EndTime "11:18:15 PDT"]
[Termination "walkingcreep won on time"]

1. d4 Nf6 2. c4 e6 3. Nc3 Bb4 4.
g3 d5 5. Bg2 O-O 6. Nf3 dxc4 7.
O-O Nbd7 8. Qc2 c5 9. Rd1 cxd4 10.
Nxd4 a6 11. Na4 Qc7 12. a3 Be7 13. Bf4 e5 14. Nf5 Re8 15. Nxe7+ Rxe7 16. Be3 Rb8 17. Nc3 b5 18. Bg5 Re8 19. Ne4 Nxe4 20. Bxe4 h6 21.
Be3 Nf6 22. Bg2 Bb7 23. Bxb7 Qxb7 24. a4 Rbd8 25. axb5 axb5 26. Qf5 b4 27. Bxh6 Qe4 28. Qxe4 Nxe4 29. Be3 c3 30. bxc3 Nxc3 31. Re1 b3 32. Rac1 Rc8 33. Bd2 1-0

[Event "*** Titled Tuesday Blitz"]
[Site "Chess.com"]
[Date "2020.04.28"]
[Round "7"]
[White "Grootneus"]
[Black "Manukyan_Artak"]
[Result "0-1"]
[WhiteElo "2194"]
[BlackElo "2402"]
[TimeControl "180+1"]
[EndTime "11:18:17 PDT"]
[Termination "Manukyan_Artak won by resignation"]

1. e4 c6 2. d4 d5 3. Nc3 dxe4 4. Nxe4 Nf6 5. Nxf6+ exf6 6. c3 Bd6 7. Bd3 O-O 8. Qc2 h6 9. Ne2 Qc7 10. h3 Nd7 11.
O-O Re8 12. Be3 Nf8 13. Rfe1 Be6 14. Qd2 Ng6 15. Bxg6 fxg6 16. Bf4 g5 17. Bxd6 Qxd6 18. Ng3 Qd7 19. Qd3 Bf7 20. Qf5 Qxf5 21. Nxf5 Rxe1+ 22. Rxe1 Kf8 23. a3 Bg6 24. Nd6 b6 25. Re3 Rd8 26. Nc4 h5 27. Kf1 h4 28.
Ke1 Kf7 29. a4 Bc2 30. a5 b5 31. Nd2 Rd5 32. Nf3 Bf5 33. b4 Be6 34. Kd2 Rf5 35. Ke1 Bd5 36. Ke2 Rf4 37. Ne1 g4 38. Nd3 Bc4 39.
Kd2 Bxd3 40. Kxd3 Rxf2 41. hxg4 Rxg2 42. Re4 h3 43. Re3 h2 44. Rh3 Rg3+ 45. Rxg3 h1=Q 0-1

[Event "*** Titled Tuesday Blitz"]
[Site "Chess.com"]
[Date "2020.04.28"]
[Round "7"]
[White "Sibelephant"]
[Black "Keranke"]
[Result "1-0"]
[WhiteElo "3190"]
[BlackElo "2773"]
[TimeControl "180+1"]
[EndTime "11:18:18 PDT"]
[Termination "Sibelephant won by resignation"]

1. d4 Nf6 2. Nf3 g6 3. Bg5 Bg7 4. Nbd2 d6 5. e3 O-O 6. Bc4 Nbd7 7. O-O Re8 8. c3 e5 9. a4 Qe7 10. a5 e4 11. Ne1 h6 12. Bh4 c6 13. Nc2 Nf8 14. f3 d5 15. fxe4 g5 16. Bg3 dxc4 17. e5 Nd5 18. Nxc4 Be6 19. Nd6 Red8 20. c4 Nc7 21. Qf3 Ne8 22. c5 Nxd6 23. cxd6 Qd7 24. e4 Ng6 25. Ne3 Qe8 26. b4 b6 27. Nf5 Rac8 28. axb6 axb6 29. Nxg7 Kxg7 30. d5 Bd7 31. Qf6+ Kg8 32. Ra7 cxd5 33. exd5 Rc2 34. e6 Nh8 35. Be5 1-0

[Event "*** Titled Tuesday Blitz"]
[Site "Chess.com"]
[Date "2020.04.28"]
[Round "7"]
[White "bazar-wokzal"]
[Black "vanea_03"]
[Result "1-0"]
[WhiteElo "2520"]
[BlackElo "2658"]
[TimeControl "180+1"]
[EndTime "11:18:18 PDT"]
[Termination "bazar-wokzal won by resignation"]

1. e4 e5 2. Bc4 Nf6 3. d3 Bc5 4. Nf3 d6 5. Bg5 h6 6. Bh4 g5 7.
Bg3 Nbd7 8. Nc3 c6 9. d4 exd4 10. Nxd4 Ne5 11. Bb3 Qe7 12. h4 g4 13. h5 Nh7 14. Bh4 Ng5 15. Nce2 Be6 16. Rf1 O-O-O 17. Ng3 Bxd4 18. Bxg5 Bxf2+ 19. Rxf2 Qxg5 20. Qd2 Qh4 21.
Qf4 Rhe8 22. O-O-O Bxb3 23. axb3 Qe7 24. Nf5 Qe6 25.
Ng7 Qe7 26. Nxe8 Rxe8 27. Qxh6 Kc7 28. Qf6 Qf8 29. h6 Rd8 30. h7 Qh8 31. Rh1 Qxf6 32. Rxf6 Rh8 33. Rhh6 Kd7 34. Rxd6+ Ke7 35. Rd1 Nd7 36.
Rdh1 Ne5 37. R1h5 Nd7 38. Rg5 Kf8 39. Rxg4 f6 40. Rg8+ Kf7 1-0

[Event "*** Titled Tuesday Blitz"]
[Site "Chess.com"]
[Date "2020.04.28"]
[Round "7"]
[White "ShahMatKanal"]
[Black "Ceejay271"]
[Result "0-1"]
[WhiteElo "2437"]
[BlackElo "2335"]
[TimeControl "180+1"]
[EndTime "11:18:18 PDT"]
[Termination "Ceejay271 won by resignation"]

1. e4 c5 2. Nc3 g6 3. d4 cxd4 4. Qxd4 Nf6 5. b3 Nc6 6. Qd2 Bg7 7. f3 d5 8. Bb2 d4 9. Nce2 e5 10. c3 O-O 11. Ng3 h5 12. Bb5 dxc3 13. Bxc3 Nd4 14.
Bd3 h4 15. N3e2 h3 16. g3 a5 17. Bb2 a4 18. Nxd4 exd4 19. Ne2 axb3 20. axb3 Rxa1+ 21. Bxa1 Be6 22. Nxd4 Qb6 23. Nxe6 fxe6 24. Bc4 Rd8 25. Bxe6+ Kf8 26. Bd5 Nxd5 27. Bxg7+ Kxg7 28. exd5 Re8+ 29. Kd1 Re3 30. Re1 Rxb3 31. Re7+ Kf8 32. Re4 Rb1+ 33. Ke2 Rb2 34. g4 Rxd2+ 35. Kxd2 Qf2+ 36. Re2 Qxf3 37.
Ke1 Qxd5 0-1

[Event "*** Titled Tuesday Blitz"]
[Site "Chess.com"]
[Date "2020.04.28"]
[Round "7"]
[White "WonderChampion"]
[Black "DonPreuss"]
[Result "0-1"]
[WhiteElo "1816"]
[BlackElo "2192"]
[TimeControl "180+1"]
[EndTime "11:18:18 PDT"]
[Termination "DonPreuss won by resignation"]

1. e4 Nc6 2. d4 e5 3. dxe5 Nxe5 4. Bf4 Ng6 5. Bg3 Bc5 6. Bc4 d6 7. Nf3 N8e7 8. O-O Be6 9. Bxe6 fxe6 10. Ng5 Qd7 11. Qg4 e5 12. Qxd7+ Kxd7 13. Nc3 h6 14.
Nf3 Rhf8 15. Rfd1 a6 16. Rd2 Kc6 17. Rad1 Nf4 18. Bxf4 Rxf4 19. Nd5 Nxd5 20. exd5+ Kd7 21. Re2 Raf8 22. Rde1 g5 23. h3 h5 24. Rf1 g4 25. hxg4 hxg4 26. Nd2 g3 27. Ne4 Rxe4 28. Rxe4 Bxf2+ 29. Rxf2 Rxf2 30. Rc4 Rd2 31. Rc3 Rxd5 32. Rxg3 Rd2 33. Rc3 c5 34. Kf1 b5 35. a3 a5 36. g4 Rd4 37. Rg3 Rf4+ 38. Kg2 d5 39.
g5 Rf7 40. g6 Rg7 41. Rg5 Ke6 42. Rg3 Kf6 43. Rb3 b4 44. axb4 axb4 45. Rd3 Rxg6+ 46. Kf2 Ke6 47. Rh3 e4 48. Ke3 Rf6 49. Rh8 Rf3+ 50. Ke2 d4 51. Re8+ Kd5 52. Rd8+ Kc4 53. Rc8 b3 54.
cxb3+ Rxb3 55. Re8 Rxb2+ 56. Kf1 e3 57. Ra8 d3 58. Ra4+ Kc3 59. Rd4 cxd4 60. Kg1 Rf2 61. Kh1 d2 0-1